 Dungeon Crawl Stone Soup version 0.29-a0-648-g6b26cc9f40 (webtiles) character file.

Game seed: 15002126570797507054

1094 Bruhh the Ogre Mage (level 8, 0/67 HPs)
             Began as an Ogre Venom Mage on June 20, 2022.
             Slain by a hound (3 damage)
             ... on level 5 of the Dungeon.
             The game lasted 00:07:15 (4743 turns).

Bruhh the Ogre Mage (Ogre Venom Mage)               Turns: 4743, Time: 00:07:15

Health: 0/67       AC:  7    Str: 12      XL:     8   Next: 31%
Magic:  16/18      EV: 10    Int: 15      God:
Gold:   235        SH:  0    Dex: 11 (13) Spells: 14/21 levels left

rFire   . . .      SeeInvis .   t - +1 giant club (drain)
rCold   . . .      Faith    .   (shield currently unavailable)
rNeg    . . .      Spirit   .   a - +0 robe
rPois   .          Reflect  .   (helmet restricted)
rElec   .          Harm     .   (no cloak)
rCorr   .          Rampage  .   (gloves unavailable)
Will    .....                   (boots unavailable)
Stlth   ++........              c - amulet of magic regeneration
HPRegen 0.21/turn               d - +4 ring of protection
MPRegen 0.56/turn               (no ring)

@: very slightly contaminated
A: large, unfitting armour, tough skin 1, agile 1, weak 1
a: no special abilities


You were on level 5 of the Dungeon.
You visited 1 branch of the dungeon, and saw 5 of its levels.

You collected 235 gold pieces.

Inventory:

Hand Weapons
 o - a +2 short sword of venom
 t - a +1 giant club of draining (weapon)
Missiles
 k - a throwing net
Armour
 a - a +0 robe (worn)
Jewellery
 c - an amulet of magic regeneration (around neck)
 d - a +4 ring of protection (left hand)
Scrolls
 e - a scroll of identify
 f - 2 scrolls of enchant armour
 h - a scroll of noise
 n - 2 scrolls of acquirement
Potions
 b - a potion of magic
 j - a potion of degeneration


   Skills:
 + Level 2.2 Maces & Flails
 - Level 1.7 Dodging
 - Level 1.4 Stealth
 - Level 7.0 Spellcasting
 - Level 0.8 Transmutations
 + Level 6.8 Poison Magic


You had 14 spell levels left.
You knew the following spells:

 Your Spells              Type           Power      Damage    Failure   Level
a - Sting                 Tmut/Pois      64%        1d6       2%          1
b - Poisonous Vapours     Pois/Air       30%        N/A       4%          2
c - Olgreb's Toxic Radia  Pois           25%        N/A       8%          4

Your spell library contained the following spells:

 Spells                   Type           Power      Damage    Failure   Level
 Mephitic Cloud           Conj/Pois/Air  12%        N/A       16%         3
 Inner Flame              Hex/Fire       5%         N/A       36%         3
 Cause Fear               Hex            2%         N/A       78%         4
 Discord                  Hex            2%         N/A       100%        8


Dungeon Overview and Level Annotations

Branches:
Dungeon (5/15)
 Temple: D:4-7

Altars:
Fedhas

Shops:
D:4 *

Annotations:
D:3 1 runed translucent door, Crazy Yiuf


Innate Abilities, Weirdness & Mutations

You are too large for most types of armour.
You have tough skin. (AC +1)
You are agile. (Dex +4, Int/Str-1)
You are weak. (Str -2)


Message History

The black bear looks even sicker.
The orc priest is engulfed in poison gas.
The orc priest looks even sicker.
You kill the orc priest!
The hound bites you but does no damage.
The black bear is engulfed in poison gas.
The black bear looks as sick as possible!
The hound bites you.
* * * LOW HITPOINT WARNING * * *
The orc priest is engulfed in poison gas.
The orc priest is poisoned.
The orc priest calls down the wrath of Beogh upon you.
You struggle to resist.
Okay, then.
Okay, then.
Really quaff the potion of mutation?
You feel extremely strange.
Your iridescent scales disappear.
Iridescent scales grow over part of your body.
You feel the urge to shout. The hound barely misses you.
The black bear is engulfed in poison gas.
The black bear looks as sick as possible!
You kill the black bear!
The orc priest is engulfed in poison gas.
The orc priest looks even sicker.
You feel your intelligence returning.
Your Maces & Flails skill increases to level 2!
Really quaff the potion of mutation?
You feel extremely strange.
Your urge to shout disappears.
Your iridescent scales disappear.
You feel weaker.
You feel agile. The hound bites you.
* * * LOW HITPOINT WARNING * * *
An orc comes into view. It is wielding a +0 club.
The hound closely misses you.
You closely miss the hound.
The orc shouts!
The hound bites you.
You die...

############
#.§☼§☼.....#
#$§○§......####
#.§○§......#.§#
..#####☼§#.....?....$...
..h...§○##....o...#..$.:
..#####Y§...○☼§...#.....
#h##§§§§○.... ....
#@○§☼o§☼○.o.. .oo. #
§§§§§§§§§#########. ...
# §§☼§○☼§§§§☼ .. ... #
#. §§☼§☼§§§§○§§§ #...
§☼§○☼§§§☼§§§§☼§ ..#
§§§#§#§§§§§§§○§ ..#.
§§☼§○§○§§§§#§○# ....
○§§#§#☼§○§#§§☼☼ ....


You could see an ice beast, a hound, an orc priest (very poisoned) and an orc.

Vanquished Creatures
  Sigmund (D:2)
  A black bear (D:5)
  2 ogres (D:5)
  A gnoll sergeant (D:5)
  2 scorpions (D:4)
  A howler monkey (D:4)
  3 hounds
  2 orc priests
  A jelly (D:4)
  2 iguanas (D:4)
  Natasha (thrice) (D:3)
  7 adders
  3 worms
  5 dart slugs
  10 orcs
  6 ball pythons
  6 endoplasms
  2 giant cockroaches (D:2)
  4 goblins
  6 hobgoblins
  4 jackals
  8 kobolds
  A quokka (D:3)
  8 bats
  3 frilled lizards (D:3)
  3 rats
  A spectral kobold (D:1)
96 creatures vanquished.

Notes
Turn   | Place    | Note
-------+----------+-------------------------------------------
     0 | D:1      | Bruhh the Ogre Venom Mage began the quest for the Orb.
     0 | D:1      | Reached XP level 1. HP: 16/16 MP: 3/3
   301 | D:1      | Reached XP level 2. HP: 24/24 MP: 3/5
   350 | D:1      | Found a faded altar of an unknown god.
   463 | D:1      | Reached skill level 3 in Spellcasting
   973 | D:2      | Reached XP level 3. HP: 24/30 MP: 3/7
  1235 | D:2      | Noticed Sigmund
  1296 | D:1      | Learned a level 2 spell: Poisonous Vapours
  1304 | D:2      | Identified the +1 leather armour of Agnosticism {Dex+7
                  | SInv}
  1459 | D:2      | Found a blossoming altar of Fedhas.
  1472 | D:2      | Reached XP level 4. HP: 35/39 MP: 5/9
  1744 | D:2      | Killed Sigmund
  1745 | D:2      | Reached skill level 4 in Spellcasting
  1745 | D:2      | Reached XP level 5. HP: 25/45 MP: 1/12
  1959 | D:3      | Reached skill level 5 in Spellcasting
  2148 | D:3      | Reached XP level 6. HP: 52/53 MP: 8/13
  2154 | D:3      | Noticed Natasha
  2179 | D:3      | Killed Natasha
  2289 | D:3      | Learned a level 4 spell: Olgreb's Toxic Radiance
  2376 | D:3      | Noticed Natasha
  2382 | D:3      | Killed Natasha
  2744 | D:3      | Found a runed translucent door.
  2745 | D:3      | Noticed Crazy Yiuf
  2802 | D:3      | Noticed Natasha
  2812 | D:3      | Killed Natasha
  2813 | D:3      | Reached skill level 5 in Poison Magic
  3135 | D:4      | Found Qehug's Assorted Antiques.
  3159 | D:4      | Reached XP level 7. HP: 49/59 MP: 8/15
  3204 | D:4      | Reached skill level 6 in Spellcasting
  3222 | D:4      | Gained mutation: You are partially covered in iridescent
                  | scales. (AC +2) [potion of mutation]
  4430 | D:5      | Entered Level 5 of the Dungeon
  4497 | D:5      | Reached skill level 7 in Spellcasting
  4657 | D:5      | Reached skill level 1 in Maces & Flails
  4657 | D:5      | Reached XP level 8. HP: 28/67 MP: 12/18
  4721 | D:5      | Identified 2 scrolls of acquirement
  4741 | D:5      | Lost mutation: You are partially covered in iridescent
                  | scales. (AC +2) [potion of mutation]
  4741 | D:5      | Gained mutation: You are partially covered in iridescent
                  | scales. (AC +2) [potion of mutation]
  4741 | D:5      | Gained mutation: You occasionally shout uncontrollably at
                  | your foes. [potion of mutation]
  4742 | D:5      | Lost mutation: You occasionally shout uncontrollably at
                  | your foes. [potion of mutation]
  4742 | D:5      | Lost mutation: You are partially covered in iridescent
                  | scales. (AC +2) [potion of mutation]
  4742 | D:5      | Gained mutation: You are weak. (Str -2) [potion of
                  | mutation]
  4742 | D:5      | Gained mutation: You are agile. (Dex +4, Int/Str-1) [potion
                  | of mutation]
  4742 | D:5      | HP: 3/67 [hound (3)]
  4743 | D:5      | Slain by a hound

Illustrated notes

Levels and vault maps discovered:
D:1:      eino_arrival_cavern_b, layout_basic,
          dreamdust_ecumenical_altar_drowned_temple
D:2:      layout_basic, basic_altar, supply_closet_lemuel,
          minmay_split_cup_small, uniq_sigmund
D:3:      layout_loops_ring, uniq_crazy_yiuf_cottage, uniq_natasha
D:4:      layout_basic, serial_shops, shop_fountains, chequers_decorated_corner,
          kennysheep_generic_room_4
D:5:      wad_river_or_something, layout_rooms

Skill      XL: |  1  2  3  4  5  6  7  8 |
---------------+-------------------------+-----
Poison Magic   | 3 4 5 6 |  6.8
Spellcasting   | 3 4 5 7 |  7.0
Maces & Flails | 1 2 |  2.2
Dodging        | |  1.7
Stealth        | |  1.4
Transmutations | |  0.8

Action                   |  1- 3 |  4- 6 |  7- 9 || total
-------------------------+-------+-------+-------++-------
Melee: Unarmed           |    33 |    11 |       ||    44
       Short sword       |       |       |    20 ||    20
       Giant club        |       |       |    23 ||    23
 Cast: Sting             |    73 |    91 |    69 ||   233
       Poisonous Vapours |       |     7 |     1 ||     8
       Olgreb's Toxic Ra |       |     2 |     6 ||     8
  Use: Potion            |       |       |     7 ||     7
       Scroll            |       |       |    11 ||    11
Armor: Robe              |    42 |    15 |    60 ||   117
Dodge: Dodged            |    38 |    33 |    44 ||   115

Table legend: (Time is in decaauts)
 A = Elapsed time spent in this place.
 B = Non-inter-level travel time spent in this place.
 C = Inter-level travel time spent in this place.
 D = Time resting spent in this place.
 E = Time spent auto-exploring this place.
 F = Levels seen in this place.
 G = Mean time per level.
                   A        B        C        D        E       F      G
               +--------+--------+--------+--------+--------+-----+--------+
         Total |   4766 |   4597 |    169 |      0 |   3770 |   5 |  953.2 |
       Dungeon |   4766 |   4597 |    169 |      0 |   3770 |   5 |  953.2 |
               +--------+--------+--------+--------+--------+-----+--------+

Top non-repeatable levels by time:
     D:4: 1444 daAuts
     D:3: 1094 daAuts
     D:1: 966 daAuts
     D:2: 949 daAuts
     D:5: 310 daAuts
